AoeStats
← OMEN 7776698

Arabia

510179096Analyzed
2v2 RM · 1d ago on Sep 29, 2026· 15m 17s· 4 players
Game mode
Random Map
Map size
Medium (4 player)
Population
200
Speed
Normal
Resources
Standard
Victory
Conquest
Starting age
Dark Age
Ending age
Imperial Age
RankedLock teamsTeams togetherTeam positionsShared explorationLock speedFull tech treeHidden civsTurbo modeCheats
Victory
Defeat
🇮🇹 Spanish · Italy
794
+15
🇳🇴 Huns · Norway
612
+22
🇧🇷 Vikings · Brazil
789
-20
🇧🇷 Franks · Brazil
729
-17
renan_ticoteco
0:52 Loom
13:21 Feudal Age
Gusta66
4:49 Loom
11:26 Feudal Age
minatobia
11:15 Feudal Age
9:33 Loom
11:53 Double-Bit Axe
OMEN 7776698
1:15 Loom
12:02 Feudal Age
12:33 Double-Bit Axe
12:37 Town Watch
15:30 Horse Collar
Connection lost

Rejoining the realm…

Still unreachable

The connection could not be restored.

Session expired

The server has moved on; the page needs a fresh start.